 Dungeon Crawl Stone Soup version 0.32-a0-705-g60f233581c (webtiles) character file.

Game seed: 10038829623105280641

201 croobank the Chiller (level 5, -11/38 HPs)
             Began as a Demigod Ice Elementalist on Mar 14, 2024.
             Mangled by an ogre
             ... wielding a +0 giant club
              (24 damage)
             ... on level 4 of the Dungeon.
             The game lasted 00:09:06 (2912 turns).

croobank the Chiller (Demigod Ice Elementalist)     Turns: 2912, Time: 00:09:07

Health: -11/38     AC:  9    Str:  9    XL:     5   Next: 25%
Magic:  16/21      EV: 12    Int: 21    God:
Gold:   78         SH:  0    Dex: 14    Spells: 2/9 levels left

rFire   . . .        a - +0 short sword
rCold   . . .        (no shield)
rNeg    . . .        i - +0 robe
rPois   .            (no helmet)
rElec   .            (no cloak)
rCorr   .            (no gloves)
SInv    +            g - +0 pair of boots
Will    .....        (no amulet)
Stlth   ++           r - ring of see invisible
HPRegen 0.26/turn    u - ring of magical power
MPRegen 0.17/turn

%: no passive effects
@: ice-armoured, freezing walls
A: high MP 1, forlorn, divine attributes
a: no special abilities


You were on level 4 of the Dungeon.
You visited 1 branch of the dungeon, and saw 4 of its levels.

You collected 78 gold pieces.

Inventory:

Hand Weapons
 a - a +0 short sword (weapon)
 b - a +0 sling
 d - a +0 dagger
 q - a +0 morningstar
Armour
 g - a +0 pair of boots (worn)
 i - a +0 robe (worn)
Jewellery
 r - a ring of see invisible (left hand)
 u - a ring of magical power (right hand)
 v - a +5 ring of evasion
Scrolls
 f - 2 scrolls of immolation {unknown}
 h - 2 scrolls of blinking {unknown}
 k - 2 scrolls of teleportation {unknown}
 m - a scroll of torment {unknown}
 p - 3 scrolls of identify {unknown}
 s - 3 scrolls of summoning {unknown}
Potions
 c - a potion of brilliance {unknown}
 e - 2 potions of magic
 j - a potion of heal wounds {unknown}
 l - a potion of attraction {unknown}
 n - a potion of cancellation {unknown}
 o - a potion of degeneration {unknown}
 t - a potion of haste {unknown}


   Skills:
 + Level 0.2 Fighting
 + Level 3.0 Dodging
 + Level 3.1 Stealth
 * Level 2.9 Spellcasting
 + Level 4.3 Ice Magic


You had 2 spell levels left.
You knew the following spells:

 Your Spells              Type           Power      Damage    Failure   Level
a - Freeze                Ice            84%        1d9       2%          1
b - Frozen Ramparts       Ice            42%        1d7       7%          3
c - Ozocubu's Armour      Ice            21%        N/A       7%          3

Your spell library contained the following spells:

 Spells                   Type           Power      Damage    Failure   Level
 Apportation              Tloc           6%         N/A       14%         1
 Necrotise                Necr           12%        1d4       14%         1
 Sting                    Conj/Alch      12%        1d3       14%         1
 Summon Small Mammal      Summ           12%        N/A       14%         1
 Summon Ice Beast         Ice/Summ       12%        N/A       17%         3
 Tukima's Dance           Hex            3%         N/A       38%         3
 Dimensional Bullseye     Hex/Tloc       1%         N/A       80%         4
 Iskenderun's Mystic Bla  Conj/Tloc      3%         2d3       80%         4


Dungeon Overview and Level Annotations

Branches:
Dungeon (4/15)
 Temple: D:4-7


Innate Abilities, Weirdness & Mutations

You have an increased reservoir of magic. (+10% MP)
You shall have no god before yourself.
Your divine heritage dramatically boosts your attributes as you level up.


Message History

The adder is almost dead.
The frozen ramparts melt away.
The adder closely misses you.
You completely miss the adder.
The adder is almost dead.
The adder bites you but does no damage.
You hit the adder.
You kill the adder!
Your Dodging skill increases to level 3!
Your icy armour starts to melt.
Your icy armour evaporates.
Magic restored.
v - a +5 ring of evasion You now have 78 gold pieces (gained 6).
Found a stone staircase leading down.
An ogre comes into view. It is wielding a +0 giant club.
The jackal barks! x2; You hear a shout!
You hear a bark!
You hear a shout!
A giant cockroach comes into view.
Found a fizzy white potion.
Casting: Freeze (safe; 2% risk of failure)
Confirm with . or Enter, or press ? or * to list all spells.
A film of ice covers your body!
Casting: Ozocubu's Armour (dangerous; 7% risk of failure)
Confirm with . or Enter, or press ? or * to list all spells.
Casting: Frozen Ramparts (dangerous; 7% risk of failure)
Press: ? - help, Dir - look around, f - activate The walls around you are covered in ice.
The wall freezes the ogre.
The wall freezes the ogre.
You hit the ogre.
The ogre is moderately wounded.
The wall freezes the ogre.
The ogre hits you with a +0 giant club!!
Ouch! That really hurt!
You hear a shout!
You hit the ogre.
The ogre is severely wounded.
The wall freezes the ogre.
The ogre hits you with a +0 giant club!!
Ouch! That really hurt!
You die...

.### ..# ...# # ... #.. .
......## #.###>.
....##..#. # #....
#..###.... ##. #...#
#......... ....
#..####..# ...## .B...##
##...##..# ##.###
#.....##..#....#####...##
#.....O@...........#....
#.....##............##..
#....####..##..##.#.###.
....... #..#..###.### #.
.####.. .......# #.. #.
#.! ....###.. .... ## #..
....#h#.. ##..# #.#
#+#h### #.. .##


You could see an ogre and 2 jackals.

Vanquished Creatures
  A bombardier beetle (D:3)
  3 gnolls (D:3)
  7 adders
  4 ribbon worms
  6 orcs (D:3)
  7 endoplasms
  4 giant cockroaches
  3 goblins
  8 hobgoblins
  7 kobolds
  A quokka (D:3)
  6 ball pythons
  4 bats
  3 frilled lizards
  4 rats
68 creatures vanquished.

Notes
Turn   | Place    | Note
-------+----------+-------------------------------------------
     0 | D:1      | croobank the Demigod Ice Elementalist began the quest for
                  | the Orb.
     0 | D:1      | Reached XP level 1. HP: 14/14 MP: 5/5
   230 | D:1      | Reached XP level 2. HP: 20/20 MP: 4/7
   725 | D:2      | Reached XP level 3. HP: 26/26 MP: 8/8
   729 | D:2      | Learned a level 3 spell: Frozen Ramparts
   918 | D:2      | Reached skill level 4 in Ice Magic
  1270 | D:2      | Reached XP level 4. HP: 33/33 MP: 6/10
  1274 | D:2      | Learned a level 3 spell: Ozocubu's Armour
  1988 | D:3      | Reached XP level 5. HP: 22/38 MP: 4/12
  2903 | D:4      | Noticed an ogre
  2912 | D:4      | Mangled by an ogre

Illustrated notes

Levels and vault maps discovered:
D:1:      amcnicky_arrival_blooded_trapdoor, layout_rooms
D:2:      layout_loops_cross, nicolae_wormholes
D:3:      layout_rooms
D:4:      layout_layer_cave, minmay_a_box_with_orc_wizards_in_it

Skill      XL: |  1  2  3  4  5 |
---------------+----------------+-----
Stealth        | 2 3 |  3.1
Dodging        | 2 3 |  3.0
Spellcasting   | 2 |  2.9
Ice Magic      | 4 |  4.3
Fighting       | |  0.2

Action                     |  1- 3 |  4- 6 || total
---------------------------+-------+-------++-------
  Melee: Dagger            |     1 |       ||     1
         Short sword       |       |    40 ||    40
   Fire: Sling             |    88 |    22 ||   110
   Cast: Freeze            |    25 |       ||    25
         Frozen Ramparts   |     9 |    16 ||    25
         Ozocubu's Armour  |       |     8 ||     8
   Stab: Sleeping          |     1 |     2 ||     3
 Armour: Robe              |    15 |    24 ||    39
  Dodge: Dodged            |    25 |    31 ||    56

Table legend: (Time is in decaauts)
 A = Elapsed time spent in this place.
 B = Non-inter-level travel time spent in this place.
 C = Inter-level travel time spent in this place.
 D = Time resting spent in this place.
 E = Time spent auto-exploring this place.
 F = Levels seen in this place.
 G = Mean time per level.
                   A        B        C        D        E       F      G
               +--------+--------+--------+--------+--------+-----+--------+
         Total |   2948 |   2906 |     42 |    159 |   2240 |   4 |  737.0 |
       Dungeon |   2948 |   2906 |     42 |    159 |   2240 |   4 |  737.0 |
               +--------+--------+--------+--------+--------+-----+--------+

Top non-repeatable levels by time:
     D:2: 1312 daAuts
     D:3: 899 daAuts
     D:1: 542 daAuts
     D:4: 194 daAuts
